 Dungeon Crawl Stone Soup version 0.26.0-57-g60708a5e39 (webtiles) character file.

Game seed: 868189113721079454

2774 BreadTh the Gouger (level 9, -15/43 HPs)
             Began as a Felid Berserker on Feb 1, 2021.
             Was an Elder of Trog.
             Demolished by an orc knight
             ... wielding a +0 battleaxe
              (24 damage)
             ... in a bailey.
             The game lasted 00:35:35 (8617 turns).

BreadTh the Gouger (Felid Berserker)                Turns: 8617, Time: 00:35:35

Health: -15/43     AC:  2    Str: 13    XL:     9   Next: 42%
Magic:  10/10      EV: 26    Int:  9    God:    Trog [****..]
Gold:   573        SH:  0    Dex: 18    Spells: 8/8 levels left
                                        Lives:  0   Deaths: 2

rFire    . . .     SeeInvis +     - Unarmed
rCold    . . .     Faith    .   (shield unavailable)
rNeg     . . .     Spirit   .   (armour unavailable)
rPois    .         Reflect  .   (helmet unavailable)
rElec    .         Harm     .   (cloak unavailable)
rCorr    .         Rampage  .   (gloves unavailable)
Will     +++..                  (boots unavailable)
Stlth    +++++.....             (no amulet)
HPRegen  1.14/turn              (no ring)
MPRegen  0.12/turn              (no ring)

@: berserk cooldown, regenerating (expiring), slowed, slow
A: very small, no armour, no weapons or thrown items, stealth, claws 1, fangs 3,
see invisible, speed 1, shaggy fur 2, sharp paws
a: Renounce Religion, Berserk, Trog's Hand, Brothers in Arms


You were in a bailey.
You worshipped Trog.
Trog was greatly pleased with you.
You visited 2 branches of the dungeon, and saw 9 of its levels.
You also visited: Bailey.

You collected 573 gold pieces.

Inventory:

Wands
 f - a wand of iceblast (14)
 n - a wand of acid (10)
Scrolls
 d - 5 scrolls of identify
 i - 4 scrolls of teleportation
 l - 2 scrolls of remove curse
 m - a scroll of fog
 o - a scroll of fear
Potions
 a - a potion of lignification
 b - 2 potions of heal wounds
 c - 2 potions of curing
 e - 2 potions of magic
 g - 3 potions of resistance
 h - 9 potions of flight
 j - a potion of invisibility
 k - 2 potions of haste
 p - 3 potions of brilliance {unknown}


   Skills:
 + Level 7.2 Fighting
 - Level 10.0 Dodging
 - Level 10.0 Stealth
 - Level 10.8 Unarmed Combat


You had 8 spell levels left.
You didn't know any spells.
Your spell library contained the following spells:

 Spells                   Type           Power        Failure   Level
 Animate Skeleton         Necr           0%           38%         1
 Apportation              Tloc           0%           38%         1
 Beastly Appendage        Tmut           0%           38%         1
 Corona                   Hex            0%           38%         1
 Shock                    Conj/Air       0%           38%         1
 Summon Small Mammal      Summ           0%           38%         1
 Swiftness                Air            0%           52%         2
 Wereblood                Tmut           0%           52%         2
 Spider Form              Tmut/Pois      0%           77%         3
 Static Discharge         Conj/Air       0%           77%         3
 Airstrike                Air            0%           99%         4
 Ice Form                 Ice/Tmut       0%           99%         4
 Blade Hands              Tmut           0%           100%        5
 Lightning Bolt           Conj/Air       0%           100%        5


Dungeon Overview and Level Annotations

Branches:
Dungeon (8/15)             Temple (1/1) D:7          Bailey (1/1)
   Lair: D:8-11

Altars:
Ashenzari
Cheibriados
Dithmenos
Elyvilon
Fedhas
Gozag
Hepliaklqana
Kikubaaqudgha
Makhleb
Nemelex Xobeh
Okawaru
Qazlal
Sif Muna
Trog
Uskayaw
Vehumet
Wu Jian
Xom
Yredelemnul
Zin
The Shining One

Shops:
D:5 !   D:6 *   D:7 :

Annotations:
D:7 5 exclusions


Innate Abilities, Weirdness & Mutations

You cannot wear armour.
You are incapable of wielding weapons or throwing items.
Your paws allow you to move quietly. (Stealth)
You have sharp claws.
You have razor-sharp teeth.
You have supernaturally acute eyesight. (SInv)
You cover ground quickly.
You are covered in thick fur. (AC +2)
Your sharp claws are effective at attacking unaware monsters.


Message History

The orc knight is almost dead.
You mangle the orc knight!!
You kill the orc knight!
Trog accepts your kill.
Your Fighting skill increases to level 7!
The orc knight no longer looks unusually strong.
You barely miss the orc knight.
You are no longer berserk.
You are exhausted.
You feel yourself slow down.
You barely miss the orc knight.
You feel the effects of Trog's Hand fading.
The orc knight no longer looks unusually strong.
The orc knight roars a battlecry!
The orc knight goes into a battle-frenzy!
You claw the orc knight! Your claw misses the orc knight.
The orc knight is lightly wounded.
The orc knight hits you with a +0 battleaxe!!
Ouch! That really hurt!
You die...

#.........#.......#
#...o...##..))...##
.oogog.#.........#
#ooo###.........##
###o###.....⌠.....#
##88†88##.).......##
#.......#.........#
##......o##)).....##
+.......ogo@......#
##.......og##.....##
#.....⌠....o#######
##.........##
#.........#
##.......##
#?......# ##..∩..##
#######


You could see an orc knight, 3 orc warriors, a hobgoblin and a goblin.

Vanquished Creatures
  An orc warlord (Bailey)
  2 orc knights (Bailey)
  A troll (D:7)
  Grinder (D:4)
  An acid dragon (D:7)
  A water moccasin (D:7)
  An ice beast (D:7)
  6 orc warriors (Bailey)
  3 sky beasts
  3 ogres
  3 centaurs
  A big kobold (D:6)
  A gnoll sergeant (D:7)
  2 bullfrogs
  A bullfrog skeleton (D:4)
  7 hounds
  2 jellies
  4 orc priests
  2 centaur skeletons
  An iguana (D:7)
  7 orc wizards
  5 worker ants
  A worker ant zombie (D:4)
  A howler monkey skeleton (D:4)
  9 adders
  27 gnolls
  A shadow imp (D:2)
  An ufetubus (D:6)
  3 oozes
  2 adder skeletons
  A worm (D:2)
  3 dart slugs
  3 leopard geckos
  33 orcs
  6 bats
  4 giant cockroaches
  17 goblins
  17 hobgoblins
  13 jackals
  16 kobolds
  4 quokkas
  A ball python skeleton (D:4)
  6 frilled lizards
  5 rats
230 creatures vanquished.

Vanquished Creatures (collateral kills)
  A hobgoblin (Bailey)
1 creature vanquished.

Vanquished Creatures (others)
  32 plants
32 creatures vanquished.

Grand Total: 263 creatures vanquished

Notes
Turn   | Place    | Note
-------+----------+-------------------------------------------
     0 | D:1      | BreadTh the Felid Berserker began the quest for the Orb.
     0 | D:1      | Reached XP level 1. HP: 10/10 MP: 2/2
   317 | D:1      | Reached XP level 2. HP: 14/14 MP: 3/3
   346 | D:1      | Reached skill level 5 in Dodging
   612 | D:1      | Reached XP level 3. HP: 15/17 MP: 4/4
  1142 | D:2      | Reached ** piety under Trog
  1425 | D:2      | Reached XP level 4. HP: 21/21 MP: 5/5
  2425 | D:3      | Reached XP level 5. HP: 21/24 MP: 6/6
  2924 | D:3      | Found a broken altar of Ashenzari.
  2928 | D:3      | Saw a vision of the Swamp and the Snake Pit.
  2928 | D:3      | Noticed a vampire mosquito
  2928 | D:3      | Noticed a vampire mosquito
  2928 | D:3      | Noticed a naga warrior
  2928 | D:3      | Noticed a swamp drake
  2928 | D:3      | Noticed a goliath frog
  2928 | D:3      | Noticed a naga
  2928 | D:3      | Noticed a naga ritualist
  2928 | D:3      | Noticed a goliath frog
  2928 | D:3      | Noticed a naga sharpshooter
  2928 | D:3      | Noticed a swamp drake
  2928 | D:3      | Noticed a black mamba
  2928 | D:3      | Noticed an anaconda
  2928 | D:3      | Noticed a vampire mosquito
  2930 | D:3      | Noticed a naga
  3493 | D:4      | Gained mutation: You are covered in thick fur. (AC +2)
                  | [Felid growth]
  3493 | D:4      | Reached XP level 6. HP: 21/28 MP: 7/7
  3501 | D:4      | Reached skill level 1 in Stealth
  3714 | D:4      | Reached *** piety under Trog
  3725 | D:4      | Reached skill level 5 in Stealth
  3727 | D:4      | Reached XP level 7. HP: 12/31 MP: 8/8
  3959 | D:4      | Noticed Grinder
  3971 | D:4      | Killed Grinder
  4013 | D:4      | Found a blossoming altar of Fedhas.
  4419 | D:4      | Found a shimmering blue altar of Sif Muna.
  4419 | D:4      | Found a shadowy altar of Dithmenos.
  4600 | D:5      | Entered Level 5 of the Dungeon
  4653 | D:5      | Reached XP level 8. HP: 12/34 MP: 9/9
  4898 | D:5      | Found Izxodusa's Distillery.
  5399 | D:5      | Found a basalt altar of Yredelemnul.
  5542 | D:6      | Found Soanino's Assorted Antiques.
  5582 | D:6      | Reached skill level 5 in Unarmed Combat
  6012 | D:6      | Reached skill level 10 in Dodging
  6212 | D:7      | Reached skill level 10 in Stealth
  6253 | D:7      | Reached **** piety under Trog
  6620 | D:7      | Noticed a troll
  6623 | D:7      | Killed a troll
  6624 | D:7      | Reached XP level 9. HP: 37/37 MP: 10/10
  7258 | D:7      | Found Hotrac's Book Shoppe.
  7475 | D:7      | Found a staircase to the Ecumenical Temple.
  7484 | Temple   | Entered the Ecumenical Temple
  7785 | D:8      | Found a stormy altar of Qazlal.
  7787 | D:8      | Found a bloodstained altar of Trog.
  7789 | D:8      | Found a sparkling altar of Nemelex Xobeh.
  7789 | D:8      | Found a burning altar of Makhleb.
  7863 | D:8      | Found a flagged portal.
  7895 | Bailey   | Entered a bailey
  8168 | Bailey   | Reached ***** piety under Trog
  8292 | Bailey   | Noticed an orc knight
  8305 | Bailey   | Killed an orc knight
  8306 | Bailey   | Reached skill level 10 in Unarmed Combat
  8333 | Bailey   | Slain by an orc warrior
  8334 | Bailey   | Reached XP level 8. HP: -3/34 MP: 9/9
  8351 | Bailey   | Reached XP level 9. HP: 37/37 MP: 10/10
  8562 | Bailey   | Noticed an orc warlord
  8562 | Bailey   | Noticed an orc knight
  8565 | Bailey   | Noticed an orc knight
  8565 | Bailey   | Noticed an orc knight
  8581 | Bailey   | Annihilated by an orc warlord
  8582 | Bailey   | Reached XP level 8. HP: -25/54 MP: 9/9
  8604 | Bailey   | HP: 2/54 [orc warlord/+0 great sword (25)]
  8605 | Bailey   | Killed an orc warlord
  8606 | Bailey   | Reached XP level 9. HP: 3/42 MP: 10/10
  8613 | Bailey   | Killed an orc knight
  8617 | Bailey   | Demolished by an orc knight

Illustrated notes

Levels and vault maps discovered:
D:1:      elethiomel_arrival_quiet, layout_basic,
          hangedman_decor_clover_reticule
D:2:      layout_basic
D:3:      layout_rooms, serial_glass, glass_columns_b, glass_columns_c,
          grunt_ashenzari_visionary [grunt_ashenzari_visionary_swamp,
          grunt_ashenzari_visionary_snake]
D:4:      layout_rooms, kennysheep_mini, gammafunk_temple_overflow_pools,
          serial_bayou_lake_a, uniq_grinder
D:5:      lemuel_ice_spiral_2, layout_rooms, yredelemnul_altar_generic,
          serial_shops, nicolae_shop_crystal
D:6:      layout_basic, serial_shops, shop, minivault_24
D:7:      nzn_winding_woodlands_cross [nzn_winding_woodlands_5x15_crooked,
          nzn_winding_woodlands_5x15_garden,
          nzn_winding_woodlands_5x15_pathside_ponds,
          nzn_winding_woodlands_5x15_default,
          nzn_winding_woodlands_15x15_eel_pit], layout_rooms, temple_hall,
          serial_shops, nicolae_shop_crystal, chequers_serial_rivers_room_b,
          minmay_starry_boxes
D:8:      layout_loops_ring, grunt_temple_overflow_open,
          nicolae_ru_sacrificial_ziggurat, lair_entry_dummy, enter_bailey_3,
          uniq_joseph
Temple:   nicolae_temple_figure_eight
Bailey:   bailey_axe_minmay_hex_keep, bailey

Skill      XL: |  1  2  3  4  5  6  7  8  9 |
---------------+----------------------------+-----
Dodging        | 5 6 7 9 10 | 10.0
Stealth        | 5 8 10 | 10.0
Unarmed Combat | 7 10 | 10.8
Fighting       | 6 7 |  7.2

Action                   |  1- 3 |  4- 6 |  7- 9 || total
-------------------------+-------+-------+-------++-------
Melee: Unarmed           |   131 |   208 |   482 ||   821
       Bite              |    13 |    29 |    61 ||   103
       Punch             |     1 |     3 |    16 ||    20
Invok: Berserk           |       |     5 |     7 ||    12
       Trog's Hand       |       |       |     5 ||     5
       Brothers in Arms  |       |       |     1 ||     1
  Use: Scroll            |       |    13 |     6 ||    19
       Potion            |       |     1 |       ||     1
 Stab: Sleeping          |     1 |     3 |    21 ||    25
       Distracted        |       |     1 |       ||     1
Armor: Skin              |     9 |    11 |     3 ||    23
Dodge: Dodged            |   132 |   189 |   336 ||   657
